Bruins vs Panthers

Created - April 15 2011 at 17:27

Goals
1 2 3 T
Bruins 0 1 1 2
Panthers 3 1 0 4
Shots
1 2 3 T
Bruins 14 12 8 34
Panthers 14 11 8 33

Period #1

1. Panthers , Paul Gaustad 2 (Christopher Higgins) at 2:46
2. Panthers , Joel Ward 1 (Brad Stuart, Mike Mottau) at 8:09
3. Panthers , Claude Giroux 1 (Mike Mottau, Andrew Brunette) at 14:07

Penalties :
Mike Fisher (FLA) for High sticking (Minor) at 0:07, Dan Hamhuis (BOS) for High sticking (Minor) at 0:41, Toni Lydman (BOS) for Roughing (Minor) at 3:46

Period #2

4. Bruins , Rick Nash 3 (Rich Peverley) at 2:58 (SH)
5. Panthers , Greg Zanon 1 (Maxim Afinogenov, Mike Fisher) at 9:52

Penalties :
Dan Hamhuis (BOS) for Holding (Minor) at 2:31, Marc-Andre Bergeron (FLA) for Roughing (Minor) at 11:05, Marc-Andre Bergeron (FLA) for Hooking (Minor) at 13:45, Greg Zanon (FLA) for Tripping (Minor) at 14:46

Period #3

6. Bruins , Rich Peverley 2 (Dustin Brown, Henrik Zetterberg) at 7:43

Penalties :
Craig Rivet (FLA) for Interference (Minor) at 4:29, Paul Gaustad (FLA) for Slashing (Minor) at 8:26, David Krejci (BOS) for High sticking (Minor) at 10:50, Dennis Seidenberg (BOS) for Hooking (Minor) at 16:12, Rick Nash (BOS) for Roughing (Minor) at 19:08

Goalie Stats

Cam Ward (BOS), 29 saves from 33 shots - (0.879), L, 1-2-0, 60:00 minutes
Marty Turco (FLA), 32 saves from 34 shots - (0.941), W, 2-1-0, 60:00 minutes

Players Stats

Bruins
Player Name              G  A  P  +/- PIM S  H  SB FO    MP 
------------------------------------------------------------
Brad Marchand            0  0  0  -2  0   1  0  1  6/17  20 
Chris Kelly              0  0  0  -2  0   2  0  1  4/18  12 
Dan Hamhuis              0  0  0  -2  4   3  5  1  0/0   22 
David Krejci             0  0  0   0  2   4  2  0  18/28 13 
Dennis Seidenberg        0  0  0  -1  2   2  2  1  0/0   23 
Dustin Brown             0  1  1  -1  0   4  3  0  0/2   21 
Gregory Campbell         0  0  0   0  0   0  1  1  2/2   7  
Henrik Zetterberg        0  1  1  -1  0   3  0  0  10/23 19 
Jordan Leopold           0  0  0  -2  0   1  0  0  0/0   18 
Mark Recchi              0  0  0   0  0   0  1  1  0/0   9  
Milan Lucic              0  0  0  -2  0   1  0  0  0/0   10 
Nathan Horton            0  0  0   0  0   3  0  0  2/2   15 
Patrice Bergeron         0  0  0   0  0   0  0  0  0/0   1  
Rich Peverley            1  1  2   0  0   1  1  2  5/6   23 
Rick Nash                1  0  1   1  2   6  3  0  0/1   23 
Tom Gilbert              0  0  0   0  0   0  0  2  0/0   12 
Toni Lydman              0  0  0   0  2   0  0  0  0/0   20 
Zdeno Chara              0  0  0   1  0   3  2  2  0/0   23 
Panthers
Player Name              G  A  P  +/- PIM S  H  SB FO    MP 
------------------------------------------------------------
Andrew Brunette          0  1  1   0  0   3  1  0  0/0   15 
Blake Wheeler            0  0  0  -1  0   2  1  0  0/0   18 
Brad Stuart              0  1  1   1  0   0  1  3  0/0   22 
Brian Rafalski           0  0  0   0  0   1  0  3  0/0   21 
Chad Larose              0  0  0   1  0   2  2  0  1/1   5  
Christopher Higgins      0  1  1   0  0   2  3  0  0/0   15 
Claude Giroux            1  0  1   1  0   2  1  0  2/2   16 
Craig Rivet              0  0  0   0  2   0  0  0  0/0   14 
Frans Nielsen            0  0  0   0  0   0  0  0  16/32 21 
Greg Zanon               1  0  1   2  2   4  2  1  0/0   18 
Joel Ward                1  0  1   1  0   2  0  0  0/0   8  
Marc-Andre Bergeron      0  0  0   0  4   0  3  0  0/0   17 
Maxim Afinogenov         0  1  1   1  0   4  0  0  1/5   20 
Maxim Lapierre           0  0  0   0  0   0  0  0  0/0   0  
Mike Fisher              0  1  1   1  2   4  6  1  21/35 21 
Mike Mottau              0  2  2   1  0   1  0  0  0/0   23 
Paul Gaustad             1  0  1   1  2   3  1  0  11/23 16 
Ryan Smyth               0  0  0   1  0   3  0  0  0/1   17 

3 Stars

1 - Rich Peverley (BOS)
2 - Greg Zanon (FLA)
3 - Claude Giroux (FLA)

Power Play

Bruins - 0 on 6 Attempt(s) - 0.00%
Panthers - 0 on 6 Attempt(s) - 0.00%

Penalty Kill

Bruins - 6 on 6 Attempt(s) - 100.00% - Score 1 goal in Penalty Kill
Panthers - 6 on 6 Attempt(s) - 100.00% - Score 0 goal in Penalty Kill

Game Notes

No Game Note

Finance

Level 1 -- Attendance: 6000 (100.00%) -- Ticket Income $528,000.00
Level 2 -- Attendance: 5000 (100.00%) -- Ticket Income $190,000.00
Level 3 -- Attendance: 3500 (100.00%) -- Ticket Income $98,000.00
Level 4 -- Attendance: 3122 (83.25%) -- Ticket Income $56,196.00
Luxury Box -- Attendance: 1000 (100.00%) -- Ticket Income $188,000.00
Game was played at the BankAtlantic Center
Total Attendance: 18622 (96.74%)
Total Ticket Income: $1,099,453.00
Other Income: $329,835.90
Total Income: $1,429,289.00


Play by Play

Period #1

0:01 of 1st period - Mike Fisher wins face-off versus David Krejci in neutral zone.
0:07 of 1st period - Minor Penalty to Mike Fisher for High sticking.
0:08 of 1st period - Frans Nielsen wins face-off versus David Krejci in Panthers zone.
0:25 of 1st period - Shot by Dennis Seidenberg.
0:25 of 1st period - Deflect By David Krejci.
0:25 of 1st period - Shot Misses the Net.
0:27 of 1st period - Shot by David Krejci.
0:27 of 1st period - Shot Misses the Net.
0:31 of 1st period - Shot by David Krejci.
0:31 of 1st period - Stopped by Marty Turco without a rebound.
0:32 of 1st period - Frans Nielsen wins face-off versus Henrik Zetterberg in Panthers zone.
0:32 of 1st period - Frans Nielsen is hit by Rick Nash.
0:41 of 1st period - Minor Penalty to Dan Hamhuis for High sticking.
0:42 of 1st period - Brad Marchand wins face-off versus Frans Nielsen in Bruins zone.
1:18 of 1st period - Shot by Nathan Horton.
1:18 of 1st period - Stopped by Marty Turco without a rebound.
1:19 of 1st period - David Krejci wins face-off versus Maxim Afinogenov in Panthers zone.
1:26 of 1st period - Shot by Rick Nash.
1:26 of 1st period - Stopped by Marty Turco without a rebound.
1:27 of 1st period - David Krejci wins face-off versus Ryan Smyth in Panthers zone.
1:38 of 1st period - Shot by Rick Nash.
1:38 of 1st period - Shot Blocked by Brad Stuart.
1:42 of 1st period - Shot by David Krejci.
1:42 of 1st period - Shot Blocked by Greg Zanon.
1:46 of 1st period - Shot by Rick Nash.
1:46 of 1st period - Shot Misses the Net.
1:48 of 1st period - Shot by Jordan Leopold.
1:48 of 1st period - Stopped by Marty Turco without a rebound.
1:49 of 1st period - Brad Marchand wins face-off versus Maxim Afinogenov in Panthers zone.
1:56 of 1st period - Shot by Nathan Horton.
1:56 of 1st period - Shot Misses the Net.
1:58 of 1st period - Shot by Nathan Horton.
1:58 of 1st period - Deflect By Brad Marchand.
1:58 of 1st period - Stopped by Marty Turco without a rebound.
1:59 of 1st period - David Krejci wins face-off versus Frans Nielsen in Panthers zone.
2:40 of 1st period - Shot by Andrew Brunette.
2:40 of 1st period - Stopped by Cam Ward without a rebound.
2:41 of 1st period - Henrik Zetterberg wins face-off versus Paul Gaustad in Bruins zone.
2:46 of 1st period - Shot by Paul Gaustad.
2:46 of 1st period - Goal by Paul Gaustad - Bruins : 0 - Panthers : 1.
2:47 of 1st period - Mike Fisher wins face-off versus David Krejci in neutral zone.
3:43 of 1st period - Icing by Toni Lydman.
3:44 of 1st period - Paul Gaustad wins face-off versus Henrik Zetterberg in Bruins zone.
3:44 of 1st period - Paul Gaustad is hit by Dennis Seidenberg.
3:46 of 1st period - Shot by Blake Wheeler.
3:46 of 1st period - Stopped by Cam Ward without a rebound.
3:46 of 1st period - Minor Penalty to Toni Lydman for Roughing.
3:47 of 1st period - Rich Peverley wins face-off versus Frans Nielsen in Bruins zone.
3:47 of 1st period - Rick Nash is hit by Blake Wheeler and loses puck.
4:00 of 1st period - Shot by Frans Nielsen.
4:00 of 1st period - Shot Blocked by Rich Peverley.
4:13 of 1st period - Icing by Frans Nielsen.
4:14 of 1st period - Gregory Campbell wins face-off versus Frans Nielsen in Panthers zone.
4:14 of 1st period - Dennis Seidenberg is hit by Greg Zanon.
4:22 of 1st period - Shot by Gregory Campbell.
4:22 of 1st period - Shot Misses the Net.
4:41 of 1st period - Icing by Claude Giroux.
4:42 of 1st period - Mike Fisher wins face-off versus Brad Marchand in Panthers zone.
4:51 of 1st period - Shot by Claude Giroux.
4:51 of 1st period - Shot Hit the Post.
4:58 of 1st period - Icing by Mike Fisher.
4:59 of 1st period - Rich Peverley wins face-off versus Mike Fisher in Panthers zone.
5:31 of 1st period - Icing by Frans Nielsen.
5:32 of 1st period - Frans Nielsen wins face-off versus Brad Marchand in Panthers zone.
6:47 of 1st period - Shot by Chris Kelly.
6:47 of 1st period - Stopped by Marty Turco without a rebound.
6:48 of 1st period - Brad Marchand wins face-off versus Mike Fisher in Panthers zone.
7:07 of 1st period - Shot by Rick Nash.
7:07 of 1st period - Shot Misses the Net.
7:09 of 1st period - Shot by Zdeno Chara.
7:09 of 1st period - Stopped by Marty Turco without a rebound.
7:10 of 1st period - Henrik Zetterberg wins face-off versus Frans Nielsen in Panthers zone.
7:38 of 1st period - Off-side.
7:39 of 1st period - David Krejci wins face-off versus Paul Gaustad in neutral zone.
7:42 of 1st period - Shot by Rick Nash.
7:42 of 1st period - Stopped by Marty Turco without a rebound.
7:43 of 1st period - David Krejci wins face-off versus Paul Gaustad in Panthers zone.
7:53 of 1st period - Off-side.
7:54 of 1st period - Chad Larose wins face-off versus Chris Kelly in neutral zone.
8:05 of 1st period - Shot by Mike Mottau.
8:05 of 1st period - Shot Blocked by Dan Hamhuis.
8:07 of 1st period - Shot by Brad Stuart.
8:07 of 1st period - Shot Misses the Net.
8:09 of 1st period - Shot by Joel Ward.
8:09 of 1st period - Goal by Joel Ward - Bruins : 0 - Panthers : 2.
8:10 of 1st period - Brad Marchand wins face-off versus Paul Gaustad in neutral zone.
8:17 of 1st period - Shot by Rick Nash.
8:17 of 1st period - Stopped by Marty Turco without a rebound.
8:18 of 1st period - Henrik Zetterberg wins face-off versus Mike Fisher in Panthers zone.
8:21 of 1st period - Shot by Dustin Brown.
8:21 of 1st period - Stopped by Marty Turco without a rebound.
8:22 of 1st period - David Krejci wins face-off versus Mike Fisher in Panthers zone.
8:56 of 1st period - Shot by Ryan Smyth.
8:56 of 1st period - Stopped by Cam Ward without a rebound.
8:57 of 1st period - Frans Nielsen wins face-off versus Henrik Zetterberg in Bruins zone.
9:22 of 1st period - Dennis Seidenberg is hit by Andrew Brunette and loses puck.
10:41 of 1st period - Icing by Craig Rivet.
10:42 of 1st period - Chris Kelly wins face-off versus Paul Gaustad in Panthers zone.
10:42 of 1st period - Jordan Leopold is hit by Marc-Andre Bergeron and loses puck.
11:20 of 1st period - Icing by Brian Rafalski.
11:21 of 1st period - Mike Fisher wins face-off versus Henrik Zetterberg in Panthers zone.
11:34 of 1st period - Shot by Mike Fisher.
11:34 of 1st period - Stopped by Cam Ward without a rebound.
11:35 of 1st period - Henrik Zetterberg wins face-off versus Frans Nielsen in Bruins zone.
11:48 of 1st period - Rich Peverley is hit by Greg Zanon and loses puck.
12:31 of 1st period - Shot by Ryan Smyth.
12:31 of 1st period - Shot Blocked by Tom Gilbert.
12:33 of 1st period - Shot by Mike Fisher.
12:33 of 1st period - Shot Blocked by Mark Recchi.
12:35 of 1st period - Shot by Mike Fisher.
12:35 of 1st period - Stopped by Cam Ward without a rebound.
12:36 of 1st period - Mike Fisher wins face-off versus Chris Kelly in Bruins zone.
12:47 of 1st period - Shot by Ryan Smyth.
12:47 of 1st period - Stopped by Cam Ward without a rebound.
12:48 of 1st period - David Krejci wins face-off versus Paul Gaustad in Bruins zone.
12:48 of 1st period - David Krejci is hit by Paul Gaustad.
12:59 of 1st period - Craig Rivet is hit by David Krejci.
13:17 of 1st period - Off-side.
13:18 of 1st period - Mike Fisher wins face-off versus Henrik Zetterberg in neutral zone.
13:37 of 1st period - Shot by Henrik Zetterberg.
13:37 of 1st period - Shot Misses the Net.
13:41 of 1st period - Shot by Henrik Zetterberg.
13:41 of 1st period - Deflect By Dustin Brown.
13:41 of 1st period - Stopped by Marty Turco without a rebound.
13:42 of 1st period - Frans Nielsen wins face-off versus Chris Kelly in Panthers zone.
14:05 of 1st period - Shot by Mike Mottau.
14:05 of 1st period - Stopped by Cam Ward with a rebound.
14:07 of 1st period - Shot by Claude Giroux.
14:07 of 1st period - Goal by Claude Giroux - Bruins : 0 - Panthers : 3.
14:08 of 1st period - Mike Fisher wins face-off versus Henrik Zetterberg in neutral zone.
14:19 of 1st period - Shot by Henrik Zetterberg.
14:19 of 1st period - Stopped by Marty Turco with a rebound.
14:37 of 1st period - Icing by Henrik Zetterberg.
14:38 of 1st period - Paul Gaustad wins face-off versus Henrik Zetterberg in Bruins zone.
15:18 of 1st period - Icing by Marc-Andre Bergeron.
15:19 of 1st period - Brad Marchand wins face-off versus Paul Gaustad in Panthers zone.
16:15 of 1st period - Shot by Maxim Afinogenov.
16:15 of 1st period - Stopped by Cam Ward without a rebound.
16:16 of 1st period - Frans Nielsen wins face-off versus Chris Kelly in Bruins zone.
16:19 of 1st period - Shot by Claude Giroux.
16:19 of 1st period - Stopped by Cam Ward without a rebound.
16:20 of 1st period - Frans Nielsen wins face-off versus Chris Kelly in Bruins zone.
16:27 of 1st period - Shot by Claude Giroux.
16:27 of 1st period - Shot Misses the Net.
16:37 of 1st period - Shot by Frans Nielsen.
16:37 of 1st period - Shot Misses the Net.
16:39 of 1st period - Shot by Frans Nielsen.
16:39 of 1st period - Shot Misses the Net.
16:41 of 1st period - Shot by Claude Giroux.
16:41 of 1st period - Shot Hit the Post.
16:43 of 1st period - Shot by Greg Zanon.
16:43 of 1st period - Shot Misses the Net.
16:47 of 1st period - Shot by Andrew Brunette.
16:47 of 1st period - Deflect By Frans Nielsen.
16:47 of 1st period - Shot Blocked by Chris Kelly.
16:51 of 1st period - Shot by Claude Giroux.
16:51 of 1st period - Shot Blocked by Brad Marchand.
16:53 of 1st period - Shot by Mike Mottau.
16:53 of 1st period - Shot Misses the Net.
16:55 of 1st period - Shot by Greg Zanon.
16:55 of 1st period - Stopped by Cam Ward without a rebound.
16:56 of 1st period - Mike Fisher wins face-off versus David Krejci in Bruins zone.
17:30 of 1st period - Shot by Mike Fisher.
17:30 of 1st period - Shot Misses the Net.
17:34 of 1st period - Shot by Maxim Afinogenov.
17:34 of 1st period - Stopped by Cam Ward without a rebound.
17:35 of 1st period - Henrik Zetterberg wins face-off versus Frans Nielsen in Bruins zone.
18:20 of 1st period - Toni Lydman is hit by Christopher Higgins and loses puck.
18:34 of 1st period - Icing by Toni Lydman.
18:35 of 1st period - Mike Fisher wins face-off versus Henrik Zetterberg in Bruins zone.
18:38 of 1st period - Shot by Ryan Smyth.
18:38 of 1st period - Shot Misses the Net.
18:56 of 1st period - Shot by Mark Recchi.
18:56 of 1st period - Shot Misses the Net.
19:18 of 1st period - Shot by Mark Recchi.
19:18 of 1st period - Shot Misses the Net.
19:20 of 1st period - Shot by Zdeno Chara.
19:20 of 1st period - Stopped by Marty Turco without a rebound.
19:21 of 1st period - Paul Gaustad wins face-off versus Chris Kelly in Panthers zone.
19:25 of 1st period - Christopher Higgins is hit by Dan Hamhuis.
19:45 of 1st period - Shot by Dan Hamhuis.
19:45 of 1st period - Stopped by Marty Turco without a rebound.
19:46 of 1st period - Frans Nielsen wins face-off versus Brad Marchand in Panthers zone.
19:50 of 1st period - Off-side.
19:51 of 1st period - Frans Nielsen wins face-off versus Rick Nash in neutral zone.

Period #2

0:01 of 2nd period - David Krejci wins face-off versus Maxim Afinogenov in neutral zone.
0:18 of 2nd period - Shot by Rick Nash.
0:18 of 2nd period - Shot Blocked by Brian Rafalski.
0:42 of 2nd period - Shot by David Krejci.
0:42 of 2nd period - Stopped by Marty Turco without a rebound.
0:43 of 2nd period - Frans Nielsen wins face-off versus Henrik Zetterberg in Panthers zone.
0:43 of 2nd period - Andrew Brunette is hit by Dustin Brown and loses puck.
1:24 of 2nd period - Toni Lydman is hit by Claude Giroux and loses puck.
1:54 of 2nd period - Icing by Blake Wheeler.
1:55 of 2nd period - Paul Gaustad wins face-off versus Brad Marchand in Panthers zone.
2:02 of 2nd period - Shot by Blake Wheeler.
2:02 of 2nd period - Shot Blocked by Zdeno Chara.
2:04 of 2nd period - Shot by Christopher Higgins.
2:04 of 2nd period - Shot Hit the Post.
2:08 of 2nd period - Shot by Paul Gaustad.
2:08 of 2nd period - Stopped by Cam Ward without a rebound.
2:09 of 2nd period - Mike Fisher wins face-off versus David Krejci in Bruins zone.
2:28 of 2nd period - Shot by Mike Fisher.
2:28 of 2nd period - Stopped by Cam Ward without a rebound.
2:29 of 2nd period - Paul Gaustad wins face-off versus Chris Kelly in Bruins zone.
2:31 of 2nd period - Minor Penalty to Dan Hamhuis for Holding.
2:32 of 2nd period - Mike Fisher wins face-off versus Brad Marchand in Bruins zone.
2:41 of 2nd period - Shot by Mike Fisher.
2:41 of 2nd period - Shot Blocked by Dennis Seidenberg.
2:43 of 2nd period - Shot by Ryan Smyth.
2:43 of 2nd period - Stopped by Cam Ward without a rebound.
2:44 of 2nd period - Rich Peverley wins face-off versus Frans Nielsen in Bruins zone.
2:52 of 2nd period - Icing by Frans Nielsen.
2:53 of 2nd period - Rich Peverley wins face-off versus Frans Nielsen in Panthers zone.
2:58 of 2nd period - Shot by Rick Nash.
2:58 of 2nd period - Goal by Rick Nash - Bruins : 1 - Panthers : 3.
2:59 of 2nd period - Claude Giroux wins face-off versus Brad Marchand in neutral zone.
4:42 of 2nd period - Chris Kelly is hit by Chad Larose and loses puck.
4:57 of 2nd period - Shot by Milan Lucic.
4:57 of 2nd period - Deflect By Chris Kelly.
4:57 of 2nd period - Stopped by Marty Turco without a rebound.
4:58 of 2nd period - David Krejci wins face-off versus Paul Gaustad in Panthers zone.
4:58 of 2nd period - David Krejci is hit by Marc-Andre Bergeron.
5:03 of 2nd period - Icing by Craig Rivet.
5:04 of 2nd period - David Krejci wins face-off versus Paul Gaustad in Panthers zone.
5:27 of 2nd period - Shot by Nathan Horton.
5:27 of 2nd period - Stopped by Marty Turco without a rebound.
5:28 of 2nd period - Mike Fisher wins face-off versus Henrik Zetterberg in Panthers zone.
5:37 of 2nd period - Dennis Seidenberg is hit by Mike Fisher and loses puck.
6:15 of 2nd period - Toni Lydman is hit by Mike Fisher.
6:53 of 2nd period - Andrew Brunette is hit by Dan Hamhuis and loses puck.
7:01 of 2nd period - Andrew Brunette is hit by Dan Hamhuis and loses puck.
7:51 of 2nd period - Blake Wheeler is hit by Dan Hamhuis.
8:00 of 2nd period - Blake Wheeler is hit by Dan Hamhuis and loses puck.
8:03 of 2nd period - Shot by Paul Gaustad.
8:03 of 2nd period - Shot Misses the Net.
8:47 of 2nd period - Icing by Mike Mottau.
8:48 of 2nd period - Henrik Zetterberg wins face-off versus Frans Nielsen in Panthers zone.
9:13 of 2nd period - Shot by Craig Rivet.
9:13 of 2nd period - Shot Misses the Net.
9:38 of 2nd period - Shot by Mike Fisher.
9:38 of 2nd period - Stopped by Cam Ward with a rebound.
9:48 of 2nd period - Shot by Ryan Smyth.
9:48 of 2nd period - Deflect By Mike Fisher.
9:48 of 2nd period - Shot Blocked by Rich Peverley.
9:50 of 2nd period - Shot by Maxim Afinogenov.
9:50 of 2nd period - Stopped by Cam Ward with a rebound.
9:52 of 2nd period - Shot by Greg Zanon.
9:52 of 2nd period - Goal by Greg Zanon - Bruins : 1 - Panthers : 4.
9:53 of 2nd period - Nathan Horton wins face-off versus Mike Fisher in neutral zone.
10:06 of 2nd period - Shot by Maxim Afinogenov.
10:06 of 2nd period - Stopped by Cam Ward with a rebound.
10:10 of 2nd period - Shot by Mike Fisher.
10:10 of 2nd period - Shot Blocked by Tom Gilbert.
10:12 of 2nd period - Shot by Mike Fisher.
10:12 of 2nd period - Shot Blocked by Zdeno Chara.
10:14 of 2nd period - Shot by Greg Zanon.
10:14 of 2nd period - Stopped by Cam Ward without a rebound.
10:15 of 2nd period - Frans Nielsen wins face-off versus David Krejci in Bruins zone.
10:32 of 2nd period - Claude Giroux is hit by Zdeno Chara and loses puck.
10:36 of 2nd period - Andrew Brunette is hit by Zdeno Chara and loses puck.
10:53 of 2nd period - Christopher Higgins is hit by Rick Nash and loses puck.
11:05 of 2nd period - Minor Penalty to Marc-Andre Bergeron for Roughing.
11:06 of 2nd period - David Krejci wins face-off versus Mike Fisher in Panthers zone.
11:29 of 2nd period - Shot by David Krejci.
11:29 of 2nd period - Stopped by Marty Turco without a rebound.
11:30 of 2nd period - Henrik Zetterberg wins face-off versus Mike Fisher in Panthers zone.
11:37 of 2nd period - Zdeno Chara is hit by Mike Fisher and loses puck.
11:52 of 2nd period - Shot by Henrik Zetterberg.
11:52 of 2nd period - Shot Misses the Net.
12:10 of 2nd period - Shot by Dennis Seidenberg.
12:10 of 2nd period - Stopped by Marty Turco with a rebound.
12:12 of 2nd period - Shot by Rich Peverley.
12:12 of 2nd period - Shot Misses the Net.
12:16 of 2nd period - Shot by Chris Kelly.
12:16 of 2nd period - Shot Misses the Net.
12:18 of 2nd period - Shot by Dennis Seidenberg.
12:18 of 2nd period - Stopped by Marty Turco without a rebound.
12:19 of 2nd period - Mike Fisher wins face-off versus David Krejci in Panthers zone.
12:19 of 2nd period - Mike Fisher is hit by Gregory Campbell.
12:42 of 2nd period - Off-side.
12:43 of 2nd period - Henrik Zetterberg wins face-off versus Mike Fisher in neutral zone.
12:48 of 2nd period - Shot by Nathan Horton.
12:48 of 2nd period - Deflect By Henrik Zetterberg.
12:48 of 2nd period - Shot Misses the Net.
13:04 of 2nd period - Shot by Zdeno Chara.
13:04 of 2nd period - Shot Misses the Net.
13:09 of 2nd period - Off-side.
13:10 of 2nd period - Henrik Zetterberg wins face-off versus Paul Gaustad in neutral zone.
13:10 of 2nd period - Henrik Zetterberg is hit by Christopher Higgins.
13:45 of 2nd period - Minor Penalty to Marc-Andre Bergeron for Hooking.
13:46 of 2nd period - David Krejci wins face-off versus Mike Fisher in Panthers zone.
14:20 of 2nd period - Icing by Rick Nash.
14:21 of 2nd period - David Krejci wins face-off versus Frans Nielsen in Bruins zone.
14:41 of 2nd period - Shot by Henrik Zetterberg.
14:41 of 2nd period - Shot Misses the Net.
14:46 of 2nd period - Minor Penalty to Greg Zanon for Tripping.
14:47 of 2nd period - Frans Nielsen wins face-off versus Chris Kelly in Panthers zone.
14:55 of 2nd period - Off-side.
14:56 of 2nd period - David Krejci wins face-off versus Frans Nielsen in neutral zone.
15:58 of 2nd period - Shot by Rick Nash.
15:58 of 2nd period - Stopped by Marty Turco without a rebound.
15:59 of 2nd period - Chris Kelly wins face-off versus Frans Nielsen in Panthers zone.
16:14 of 2nd period - Shot by Dustin Brown.
16:14 of 2nd period - Stopped by Marty Turco without a rebound.
16:15 of 2nd period - Maxim Afinogenov wins face-off versus Henrik Zetterberg in Panthers zone.
16:21 of 2nd period - Icing by Rick Nash.
16:22 of 2nd period - Nathan Horton wins face-off versus Frans Nielsen in Bruins zone.
16:22 of 2nd period - Nathan Horton is hit by Christopher Higgins.
16:32 of 2nd period - Shot by Rick Nash.
16:32 of 2nd period - Stopped by Marty Turco with a rebound.
16:36 of 2nd period - Shot by Rick Nash.
16:36 of 2nd period - Shot Misses the Net.
16:38 of 2nd period - Shot by Dan Hamhuis.
16:38 of 2nd period - Shot Blocked by Brad Stuart.
16:40 of 2nd period - Shot by Dan Hamhuis.
16:40 of 2nd period - Stopped by Marty Turco without a rebound.
16:41 of 2nd period - David Krejci wins face-off versus Mike Fisher in Panthers zone.
17:04 of 2nd period - Shot by Maxim Afinogenov.
17:04 of 2nd period - Shot Misses the Net.
17:20 of 2nd period - Shot by Maxim Afinogenov.
17:20 of 2nd period - Shot Misses the Net.
17:56 of 2nd period - Shot by Henrik Zetterberg.
17:56 of 2nd period - Stopped by Marty Turco without a rebound.
17:57 of 2nd period - Frans Nielsen wins face-off versus Brad Marchand in Panthers zone.
19:42 of 2nd period - Shot by Joel Ward.
19:42 of 2nd period - Stopped by Cam Ward with a rebound.
19:46 of 2nd period - Shot by Chad Larose.
19:46 of 2nd period - Stopped by Cam Ward without a rebound.
19:47 of 2nd period - Paul Gaustad wins face-off versus David Krejci in Bruins zone.
19:52 of 2nd period - Shot by Christopher Higgins.
19:52 of 2nd period - Stopped by Cam Ward without a rebound.
19:53 of 2nd period - Paul Gaustad wins face-off versus Chris Kelly in Bruins zone.
19:56 of 2nd period - Shot by Paul Gaustad.
19:56 of 2nd period - Shot Misses the Net.

Period #3

0:01 of 3rd period - Mike Fisher wins face-off versus David Krejci in neutral zone.
0:01 of 3rd period - Mike Fisher is hit by David Krejci.
0:05 of 3rd period - Zdeno Chara is hit by Mike Fisher.
0:11 of 3rd period - Shot by David Krejci.
0:11 of 3rd period - Stopped by Marty Turco with a rebound.
0:13 of 3rd period - Shot by Rick Nash.
0:13 of 3rd period - Shot Blocked by Mike Fisher.
0:15 of 3rd period - Shot by Zdeno Chara.
0:15 of 3rd period - Stopped by Marty Turco without a rebound.
0:16 of 3rd period - Frans Nielsen wins face-off versus Henrik Zetterberg in Panthers zone.
0:16 of 3rd period - Frans Nielsen is hit by Dustin Brown.
0:34 of 3rd period - Mike Mottau is hit by Dustin Brown and loses puck.
1:19 of 3rd period - Off-side.
1:20 of 3rd period - Chris Kelly wins face-off versus Maxim Afinogenov in neutral zone.
1:29 of 3rd period - Shot by Brian Rafalski.
1:29 of 3rd period - Stopped by Cam Ward without a rebound.
1:30 of 3rd period - Paul Gaustad wins face-off versus Brad Marchand in Bruins zone.
2:43 of 3rd period - Icing by Maxim Afinogenov.
2:44 of 3rd period - Mike Fisher wins face-off versus Chris Kelly in Panthers zone.
2:53 of 3rd period - Shot by Dustin Brown.
2:53 of 3rd period - Stopped by Marty Turco without a rebound.
2:54 of 3rd period - Claude Giroux wins face-off versus David Krejci in Panthers zone.
3:03 of 3rd period - Shot by Andrew Brunette.
3:03 of 3rd period - Stopped by Cam Ward without a rebound.
3:04 of 3rd period - Paul Gaustad wins face-off versus Henrik Zetterberg in Bruins zone.
3:23 of 3rd period - Shot by Paul Gaustad.
3:23 of 3rd period - Shot Misses the Net.
3:25 of 3rd period - Shot by Joel Ward.
3:25 of 3rd period - Shot Misses the Net.
3:27 of 3rd period - Shot by Brad Stuart.
3:27 of 3rd period - Shot Misses the Net.
3:29 of 3rd period - Shot by Chad Larose.
3:29 of 3rd period - Stopped by Cam Ward with a rebound.
3:31 of 3rd period - Shot by Joel Ward.
3:31 of 3rd period - Deflect By Paul Gaustad.
3:31 of 3rd period - Stopped by Cam Ward without a rebound.
3:32 of 3rd period - Chris Kelly wins face-off versus Frans Nielsen in Bruins zone.
3:51 of 3rd period - Shot by Milan Lucic.
3:51 of 3rd period - Stopped by Marty Turco without a rebound.
3:52 of 3rd period - David Krejci wins face-off versus Paul Gaustad in Panthers zone.
4:21 of 3rd period - Nathan Horton is hit by Marc-Andre Bergeron and loses puck.
4:29 of 3rd period - Minor Penalty to Craig Rivet for Interference.
4:30 of 3rd period - David Krejci wins face-off versus Mike Fisher in Panthers zone.
5:17 of 3rd period - Shot by Christopher Higgins.
5:17 of 3rd period - Shot Misses the Net.
5:26 of 3rd period - Icing by Rich Peverley.
5:27 of 3rd period - David Krejci wins face-off versus Mike Fisher in Bruins zone.
6:22 of 3rd period - Shot by Rick Nash.
6:22 of 3rd period - Shot Blocked by Brian Rafalski.
6:24 of 3rd period - Shot by Zdeno Chara.
6:24 of 3rd period - Shot Blocked by Brian Rafalski.
6:38 of 3rd period - Shot by Blake Wheeler.
6:38 of 3rd period - Stopped by Cam Ward without a rebound.
6:39 of 3rd period - Frans Nielsen wins face-off versus Brad Marchand in Bruins zone.
7:43 of 3rd period - Shot by Rich Peverley.
7:43 of 3rd period - Goal by Rich Peverley - Bruins : 2 - Panthers : 4.
7:44 of 3rd period - Mike Fisher wins face-off versus Chris Kelly in neutral zone.
7:49 of 3rd period - Shot by Mike Fisher.
7:49 of 3rd period - Shot Misses the Net.
8:07 of 3rd period - Off-side.
8:08 of 3rd period - Rich Peverley wins face-off versus Paul Gaustad in neutral zone.
8:26 of 3rd period - Minor Penalty to Paul Gaustad for Slashing.
8:27 of 3rd period - Henrik Zetterberg wins face-off versus Mike Fisher in Panthers zone.
8:28 of 3rd period - Shot by Nathan Horton.
8:28 of 3rd period - Stopped by Marty Turco with a rebound.
8:45 of 3rd period - Nathan Horton is hit by Brad Stuart and loses puck.
8:52 of 3rd period - Shot by Nathan Horton.
8:52 of 3rd period - Shot Blocked by Brad Stuart.
9:51 of 3rd period - Shot by Dan Hamhuis.
9:51 of 3rd period - Stopped by Marty Turco without a rebound.
9:52 of 3rd period - Frans Nielsen wins face-off versus Chris Kelly in Panthers zone.
9:52 of 3rd period - Maxim Afinogenov is hit by Rick Nash and loses puck.
10:43 of 3rd period - Shot by Christopher Higgins.
10:43 of 3rd period - Stopped by Cam Ward without a rebound.
10:44 of 3rd period - Mike Fisher wins face-off versus Chris Kelly in Bruins zone.
10:50 of 3rd period - Minor Penalty to David Krejci for High sticking.
10:51 of 3rd period - Mike Fisher wins face-off versus Brad Marchand in Bruins zone.
11:11 of 3rd period - Toni Lydman is hit by Mike Fisher and loses puck.
12:38 of 3rd period - Icing by Maxim Afinogenov.
12:39 of 3rd period - Mike Fisher wins face-off versus Rich Peverley in Panthers zone.
12:39 of 3rd period - Mike Fisher is hit by Rich Peverley.
13:09 of 3rd period - Shot by Henrik Zetterberg.
13:09 of 3rd period - Shot Misses the Net.
13:11 of 3rd period - Shot by Henrik Zetterberg.
13:11 of 3rd period - Stopped by Marty Turco without a rebound.
13:12 of 3rd period - Paul Gaustad wins face-off versus Chris Kelly in Panthers zone.
13:29 of 3rd period - Shot by Blake Wheeler.
13:29 of 3rd period - Shot Misses the Net.
14:21 of 3rd period - Frans Nielsen is hit by Mark Recchi and loses puck.
15:56 of 3rd period - Craig Rivet is hit by Dennis Seidenberg and loses puck.
16:12 of 3rd period - Minor Penalty to Dennis Seidenberg for Hooking.
16:13 of 3rd period - Mike Fisher wins face-off versus Dustin Brown in Bruins zone.
16:14 of 3rd period - Shot by Marc-Andre Bergeron.
16:14 of 3rd period - Shot Blocked by Gregory Campbell.
16:23 of 3rd period - Icing by Blake Wheeler.
16:24 of 3rd period - Mike Fisher wins face-off versus Dustin Brown in Panthers zone.
17:06 of 3rd period - Off-side.
17:07 of 3rd period - Paul Gaustad wins face-off versus Brad Marchand in neutral zone.
17:10 of 3rd period - Chris Kelly is hit by Chad Larose and loses puck.
18:23 of 3rd period - Shot by Greg Zanon.
18:23 of 3rd period - Stopped by Cam Ward with a rebound.
19:08 of 3rd period - Minor Penalty to Rick Nash for Roughing.
19:09 of 3rd period - Gregory Campbell wins face-off versus Mike Fisher in Bruins zone.
19:40 of 3rd period - David Krejci is hit by Mike Fisher and loses puck.
19:57 of 3rd period - Shot by Andrew Brunette.
19:57 of 3rd period - Stopped by Cam Ward without a rebound.
19:58 of 3rd period - Brad Marchand wins face-off versus Frans Nielsen in Bruins zone.


Output by the SimonT Hockey Simulator (STHS) for Stephane Roy -- Original Page W3C XHTML 1.0 Valid